 Dungeon Crawl Stone Soup version 0.23-a0-701-gd76f34b (webtiles) character file.

120 tilp the Grave Robber (level 4, -4/30 HPs)
             Began as a Demonspawn Necromancer on Jan 12, 2019.
             Slain by a gnoll
             ... wielding a +1 spear of venom
              (5 damage)
             ... on level 3 of the Dungeon.
             The game lasted 00:09:24 (3091 turns).

tilp the Grave Robber (Demonspawn Necromancer)      Turns: 3091, Time: 00:09:25

Health: -4/30      AC:  4    Str:  8    XL:     4   Next: 75%
Magic:  3/7        EV: 11    Int: 21    God:
Gold:   193        SH:  0    Dex: 14    Spells: 2/7 levels left

rFire    . . .     SeeInvis .   v - +0 scimitar
rCold    . . .     Gourm    .   (no shield)
rNeg     . . .     Faith    .   n - +0 leather armour
rPois    .         Spirit   .   (no helmet)
rElec    .         Reflect  .   (no cloak)
rCorr    .         Harm     .   h - +0 pair of gloves
MR       .....                  (no boots)
Stlth    +.........             (no amulet)
HPRegen  0.10/turn              q - +4 ring of intelligence
MPRegen  0.10/turn              (no ring)

@: no status effects
A: hooves 2
a: no special abilities


You were on level 3 of the Dungeon.
You were not hungry.

You visited 1 branch of the dungeon, and saw 3 of its levels.

You collected 193 gold pieces.

Inventory:

Hand Weapons
 e - a +0 short sword
 v - a +0 scimitar (weapon)
Missiles
 b - 190 stones (quivered)
Armour
 a - a +0 robe
 h - a +0 pair of gloves (worn)
 n - a +0 leather armour (worn)
Jewellery
 m - an uncursed ring of protection from cold {unknown}
 q - a +4 ring of intelligence (left hand)
 w - a cursed -5 ring of protection {unknown}
 y - an uncursed ring of magical power {unknown}
Wands
 p - a wand of random effects (15)
Scrolls
 d - 3 scrolls of identify {unknown}
 j - 2 scrolls of random uselessness {unknown}
 k - a scroll of enchant armour {unknown}
 l - a scroll of teleportation {unknown}
 o - a scroll of fear {unknown}
 s - a scroll of noise {unknown}
 u - a scroll of immolation {unknown}
Potions
 f - 4 potions of curing
 g - 2 potions of haste {unknown}
 i - 2 potions of might {unknown}
 r - 2 potions of mutation {unknown}
 t - a potion of degeneration {unknown}
 z - a potion of flight {unknown}
 A - a potion of ambrosia {unknown}
Comestibles
 c - 7 rations


   Skills:
 - Level 1.7 Dodging
 - Level 1.7 Stealth
 - Level 2.0 Spellcasting
 + Level 6.8 Necromancy


You had 2 spell levels left.
You knew the following spells:

 Your Spells              Type           Power        Failure   Level  Hunger
a - Pain                  Necr           ####         1%          1    #......
b - Animate Skeleton      Necr           N/A          1%          1    #......
c - Vampiric Draining     Necr           ####......   4%          3    ###....

Your spell library contained the following spells:

 Spells                   Type           Power        Failure   Level  Hunger
 Animate Dead             Necr           N/A          13%         4    #####..
 Regeneration             Chrm/Necr      ###.......   16%         3    ###....


Dungeon Overview and Level Annotations

Branches:
Dungeon (3/15)

Altars:
Yredelemnul
Zin


Innate Abilities, Weirdness & Mutations

You have hoof-like feet.


Message History

The gnoll writhes in agony!
The gnoll hits you from afar with a +1 spear of venom.
Casting: Pain (safe; 1% risk of failure)
Confirm with . or Enter, or press ? or * to list all spells.
Aiming: Pain (safe; 1% risk of failure)
Press: ? - help, Shift-Dir - straight line, f/p - gnoll
Aim: a gnoll, wielding a +1 spear of venom (severely wounded, chance to defeat MR: 89%)
The gnoll writhes in agony!
The gnoll completely misses you.
Casting: Pain (safe; 1% risk of failure)
Confirm with . or Enter, or press ? or * to list all spells.
Aiming: Pain (safe; 1% risk of failure)
Press: ? - help, Shift-Dir - straight line, f/p - gnoll
Aim: a gnoll, wielding a +1 spear of venom (severely wounded, chance to defeat MR: 89%)
The gnoll writhes in agony!
The gnoll hits you from afar with a +1 spear of venom!
* * * LOW HITPOINT WARNING * * *
Unknown command.
The gnoll closely misses you.
The gnoll hits you from afar with a +1 spear of venom.
You die...

.≈≈≈≈≈≈≈.≈.≈≈≈.≈.≈..≈≈≈≈≈.≈.≈.≈..
≈≈≈≈≈≈≈≈≈≈≈≈≈≈≈≈≈≈≈≈≈≈≈≈≈≈≈≈≈≈≈≈≈
≈≈≈≈≈≈≈≈≈≈≈≈≈≈≈≈≈≈≈≈≈≈≈≈≈≈≈≈≈≈≈≈≈
≈≈≈≈≈≈≈≈≈≈≈≈≈≈≈≈≈≈≈≈≈≈≈≈#####≈≈≈
######################### ≈≈≈
.......#.....## ##......# ≈≈
.......'......###.......#
########.......#........##+#
#..............#@..........#
'........g..g.gg...........#
#).........K..K#...........#
########.......#........##+#
.......'......###.......#
.......#.....## ##......#
############## ########


You could see a big kobold, 3 gnolls, a hobgoblin and a kobold.

Vanquished Creatures
  4 adders
  An ooze (D:3)
  A worm (D:3)
  2 dart slugs (D:3)
  4 bats
  3 giant cockroaches
  3 goblins
  4 hobgoblins
  4 jackals
  A quokka (D:2)
  7 frilled lizards
  29 kobolds
  2 rats
  A spectral orc (D:3)
66 creatures vanquished.

Vanquished Creatures (collateral kills)
  2 goblins (D:1)
  A jackal (D:3)
  2 kobolds (D:3)
  A rat (D:1)
6 creatures vanquished.

Grand Total: 72 creatures vanquished

Notes
Turn   | Place    | Note
-------+----------+-------------------------------------------
     0 | D:1      | tilp the Demonspawn Necromancer began the quest for the
                  | Orb.
     0 | D:1      | Reached XP level 1. HP: 13/13 MP: 3/3
     2 | D:1      | Learned a level 1 spell: Animate Skeleton
   347 | D:1      | Gained mutation: You have large cloven feet. [demonic
                  | ancestry]
   347 | D:1      | Reached XP level 2. HP: 11/19 MP: 1/5
   594 | D:1      | Reached skill level 5 in Necromancy
  1183 | D:2      | Reached XP level 3. HP: 17/24 MP: 1/6
  1240 | D:2      | Found a glowing silver altar of Zin.
  1287 | D:2      | Learned a level 3 spell: Vampiric Draining
  1473 | D:2      | Reached skill level 6 in Necromancy
  2070 | D:3      | Gained mutation: You have hoof-like feet. [demonic
                  | ancestry]
  2070 | D:3      | Reached XP level 4. HP: 18/30 MP: 4/7
  2357 | D:3      | Found a basalt altar of Yredelemnul.
  2594 | D:3      | Found a faded altar of an unknown god.
  3038 | D:3      | Noticed a big kobold
  3090 | D:3      | HP: 1/30 [gnoll/+1 spear of venom (8)]
  3091 | D:3      | Slain by a gnoll

Vault maps used:
D:1:      lemuel_arrival_funnel, minmay_crystal_room, st_stairs_10
D:2:      old_standard_altar, minmay_between
D:3:      minmay_goblin_kobold_castle, yredelemnul_forgotten_temple_becter,
          chequers_ecumenical_altar_island, first_ration, minivault_14

Skill      XL: |  1  2  3 |
---------------+----------+-----
Necromancy     | 5 6 |  6.8
Dodging        | |  1.7
Stealth        | |  1.7
Spellcasting   | |  2.0

Action                   |  1- 3 |  4- 6 || total
-------------------------+-------+-------++-------
Melee: Short sword       |    25 |       ||    25
       Kick              |     7 |     7 ||    14
       Scimitar          |    27 |    42 ||    69
 Cast: Pain              |    40 |    27 ||    67
       Animate Skeleton  |     8 |     8 ||    16
  Use: Potion            |       |     1 ||     1
 Stab: Sleeping          |     2 |       ||     2
  Eat: Chunk             |     3 |     1 ||     4
       Ration            |       |     1 ||     1
Armor: Robe              |     4 |       ||     4
       Leather armour    |    10 |    19 ||    29
Dodge: Dodged            |    43 |    39 ||    82
       Rpst.: Scimitar   |     7 |     6 ||    13

Table legend:
 A = Non-vault XP
 B = Vault XP
 C = Vault XP percentage of total XP
 D = Non-vault monster count
 E = Vault monster count
 F = Vault count percentage of total count
                 A         B        C        D         E       F
            +---------+---------+-------+---------+---------+-------
      Total |     118 |      54 |  31.4 |      43 |      29 |  40.3
            +---------+---------+-------+---------+---------+-------
        D:1 |      21 |       2 |   8.7 |      13 |       2 |  13.3
        D:2 |      44 |      15 |  25.4 |      12 |       2 |  14.3
        D:3 |      53 |      37 |  41.1 |      18 |      25 |  58.1
            +---------+---------+-------+---------+---------+-------
